 Dungeon Crawl Stone Soup version 0.30-a0-743-gbfdf073431 (webtiles) character file.

Game seed: 117069239353979651

79204 ryw the Severer (level 15, -2/145 HPs)
             Began as a Hill Orc Berserker on Feb 6, 2023.
             Was a High Priest of Trog.
             Slain by Donald
             ... wielding a +0 eveningstar
              (9 damage)
             ... on level 2 of the Orcish Mines on Feb 7, 2023.
             The game lasted 00:42:52 (23672 turns).

ryw the Severer (Hill Orc Berserker)               Turns: 23672, Time: 00:42:52

Health: -2/145     AC: 30    Str: 31    XL:     15   Next: 62%
Magic:  15/15      EV:  9    Int:  7    God:    Trog [*****.]
Gold:   3299       SH: 13    Dex: 10    Spells: 14/14 levels left

rFire   + . .      SeeInvis .    a - +5 broad axe of Trog's Fury {flame, rF+}
rCold   + + .      Faith    +    K - +3 kite shield {rC+}
rNeg    . . .      Spirit   .    C - +2 plate armour
rPois   +          Reflect  .    U - +1 hat "Izesm" {Str+3}
rElec   .          Harm     .    m - +2 cloak {Will+}
rCorr   .          Rampage  .    y - +4 pair of gloves of Eternity {rC+}
Will    +++++                    (no boots) Stlth
                                 M - amulet of faith
HPRegen 1.44/turn                J - ring of willpower
MPRegen 0.14/turn                O - ring of poison resistance

@: about to teleport, strong-willed, on berserk cooldown, regenerating, slowed,
studying Polearms, very slow
A: strong-willed 1, wild magic 1
a: Renounce Religion, Berserk, Trog's Hand, Brothers in Arms


You were on level 2 of the Orcish Mines.
You worshipped Trog.
Trog was extremely pleased with you.
You visited 4 branches of the dungeon, and saw 21 of its levels.
You also visited: Sewer, Gauntlet and Ice Cave.

You collected 3299 gold pieces.

Inventory:

Hand Weapons
 a - the +5 broad axe of Trog's Fury (weapon) {flame, rF+}
   (Trog gifted it to you on level 3 of the Lair of Beasts)

   rF:        It protects you from fire.
 b - the +9 flail of the Neverending Teeth {antimagic, rF++ Stlth+}
   (You found it on level 1 of the Lair of Beasts)

   rF:        It greatly protects you from fire.
   Stlth:     It makes you more stealthy.
 c - a +4 broad axe
 P - a +4 war axe of electrocution
 V - a +2 antimagic executioner's axe
 X - a +2 broad axe of electrocution
Missiles
 i - 11 javelins (quivered)
 s - 2 curare-tipped darts
 D - 6 silver boomerangs
Armour
 j - a +0 plate armour of cold resistance
 m - a +2 cloak of willpower (worn)
 y - the +4 pair of gloves of Eternity (worn) {rC+}
   (You acquired it on level 10 of the Dungeon)

   rC:        It protects you from cold.
 C - a +2 plate armour (worn)
 K - a +3 kite shield of cold resistance (worn)
 L - the +1 helmet "Dopn" {rN++ Will+ Str-3 Dex+2}
   (You found it on level 11 of the Dungeon)

   Str:       It affects your strength (-3).
   Dex:       It affects your dexterity (+2).
   rN:        It greatly protects you from negative energy.
   Will:      It increases your willpower.
 R - a +2 hat of willpower
 U - the +1 hat "Izesm" (worn) {Str+3}
   (You found it in a Gauntlet)

   Str:       It affects your strength (+3).
 Y - a +0 cloak of stealth
Jewellery
 J - a ring of willpower (left hand)
 M - an amulet of faith (around neck)
 N - a ring of protection from fire
 O - a ring of poison resistance (right hand)
 T - a ring of protection from fire
Wands
 h - a wand of mindburst (43)
 w - a wand of acid (14)
 x - a wand of iceblast (9)
 z - a wand of flame (20)
 A - a wand of polymorph (16)
 E - a wand of charming (13)
Scrolls
 g - 2 scrolls of blinking
 p - 14 scrolls of teleportation
 u - a scroll of fear
 B - 2 scrolls of magic mapping
 F - 4 scrolls of fog
 Q - 3 scrolls of identify
 S - a scroll of butterflies
 W - a scroll of vulnerability {unknown}
Potions
 d - 3 potions of lignification
 e - a potion of ambrosia
 k - 4 potions of heal wounds
 l - 4 potions of haste
 n - 11 potions of curing
 o - a potion of resistance
 q - 2 potions of invisibility
 r - 4 potions of attraction
 t - 6 potions of flight
 v - 3 potions of berserk rage
 G - 3 potions of might
 H - a potion of mutation
 I - 2 potions of cancellation
Miscellaneous
 f - a lightning rod (4/4)
 Z - a condenser vane


   Skills:
 + Level 16.4 Fighting
 - Level 18.0 Axes
 + Level 17.5 Armour
 + Level 6.0 Dodging
 + Level 9.9 Shields


You had 14 spell levels left.
You didn't know any spells.
Your spell library was empty.

Dungeon Overview and Level Annotations

Branches:
Dungeon (12/15)            Temple (0/1) D:6            Lair (5/5) D:8
  Swamp (2/4) Lair:3       Spider (0/4) Lair:2        Slime (0/5) Lair:5
    Orc (2/2) D:12          Sewer (visited)           IceCv (visited)
Gauntlet (visited)
    Elf: Orc:2

Altars:
Cheibriados
Gozag
Ru
Sif Muna
Zin
The Shining One
Beogh

Shops:
D:4 [   Orc:1 !

Annotations:
Lair:3 exclusion: 5 oklob plants
Orc:2 Donald


Innate Abilities, Weirdness & Mutations

You are strong-willed. (Will+)
Your spells are a little harder to cast, but a little more powerful.


Message History

You slice Donald!! You burn Donald.
Donald is moderately wounded.
You block Donald's attack. Donald blocks your attack.
Donald is moderately wounded.
You hit Donald.
Donald is heavily wounded.
You are no longer berserk.
You are exhausted.
You feel yourself slow down. You block Donald's attack.
You hit Donald.
Donald is heavily wounded.
Donald hits you with a +0 eveningstar! x2
You slash Donald! You burn Donald.
Donald is severely wounded.
Donald hits you with a +0 eveningstar.
Donald drinks a potion.
Donald is healed!
Donald blocks your attack.
Donald is heavily wounded.
Donald says, "Orcs smell really bad.
Yuck."
Donald hits you with a +0 eveningstar!! x2
You completely miss Donald.
Donald is heavily wounded.
Donald kicks a rock and scowls.
Donald hits you with a +0 eveningstar!!!
* * * LOW HITPOINT WARNING * * *
Donald hits you with a +0 eveningstar!
* * * LOW HITPOINT WARNING * * *
You closely miss Donald.
Donald is heavily wounded.
You block Donald's attack. Donald hits you but does no damage.
Okay, then.
Unknown command.
As you read the scroll of teleportation, it crumbles to dust.
You feel strangely unstable.
Donald says, "I bet you wish you could cast spells now, right?"
Donald hits you with a +0 eveningstar!
* * * LOW HITPOINT WARNING * * *
Donald hits you with a +0 eveningstar!
You die...

.#....#..#.##
............##
........##...##
.......####...####
........####..##.##
######...# #......#
##.T###..##.##
#@##...####
#@#...## #.....#
#.#..## #.#...#
#.....# #.#.....
#.....#.# #...#####
#...#


You could see Donald (fast, strong, reflecting) and a troll.

Vanquished Creatures
  Gastronok (Lair:3)
  2 reapers (Gauntlet)
  A minotaur (Gauntlet)
  A fire dragon (Lair:5)
  The ghost of arandomgamer the Basher, a journeyman DsBe of Trog (D:11)
  5 hydras
  2 ironbound frosthearts (IceCv)
  An ice dragon (D:11)
  2 two-headed ogres (D:10)
  2 alligators
  14 death yaks
  A goliath frog (Swamp:1)
  Lodul (D:12)
  2 swamp dragons
  A bog body (Lair:3)
  3 orc knights
  A wolf spider (Lair:5)
  An orc sorcerer (Orc:1)
  3 cyclopes
  A manticore (D:11)
  9 elephants
  5 black mambas
  Joseph (D:7)
  4 torpor snails
  An ice statue (IceCv)
  10 cane toads
  8 rime drakes
  8 komodo dragons
  4 hellwings (Gauntlet)
  23 polar bears
  2 trolls
  A tyrant leech (Swamp:1)
  5 raiju (Lair:5)
  14 blink frogs
  2 dream sheep
  2 shadows
  8 slime creatures
  Sigmund (D:2)
  A vampire (D:10)
  A jumping spider (Lair:2)
  4 wraiths
  3 wyverns
  57 yaks
  5 basilisks
  2 steam dragons
  6 wargs
  3 vampire mosquitoes (D:12)
  8 acid dragons
  12 hell hounds (Lair:5)
  17 water moccasins
  19 black bears
  12 ogres
  14 orc warriors
  3 ice beasts
  45 wolves
  9 centaurs
  3 phantoms
  3 kobold brigands
  A scorpion (D:7)
  11 bullfrogs
  2 gnoll sergeants
  3 wights (D:7)
  15 killer bees
  An electric eel (D:12)
  4 howler monkeys
  4 hounds
  26 orc priests
  Crazy Yiuf (D:5)
  A gnoll bouda (D:6)
  4 jellies
  4 iguanas
  Natasha (thrice) (D:2)
  16 orc wizards
  A sickly merfolk siren (Sewer)
  A malarious merfolk avatar (Sewer)
  10 gnolls
  8 adders
  A river rat (Sewer)
  A shadow imp (D:7)
  A white imp (D:6)
  A worm (D:4)
  2 dart slugs (D:2)
  82 orcs
  9 ball pythons
  7 endoplasms
  7 giant cockroaches
  3 hobgoblins
  4 jackals (D:3)
  17 kobolds
  10 quokkas
  6 bats
  7 frilled lizards
  5 goblins
  30 rats
690 creatures vanquished.

Vanquished Creatures (others)
  A bloated husk (Swamp:1)
  An orc (D:12)
  A bush (Lair:5)
  20 fungi
  50 plants
73 creatures vanquished.

Grand Total: 763 creatures vanquished

Notes
Turn   | Place    | Note
-------+----------+-------------------------------------------
     0 | D:1      | ryw the Hill Orc Berserker began the quest for the Orb.
     0 | D:1      | Reached XP level 1. HP: 19/19 MP: 1/1
   208 | D:1      | Reached XP level 2. HP: 27/27 MP: 2/2
   747 | D:2      | Noticed Natasha
   754 | D:2      | Noticed a crimson imp
   758 | D:2      | Killed Natasha
   759 | D:2      | Reached XP level 3. HP: 22/33 MP: 3/3
   869 | D:2      | Noticed Sigmund
   880 | D:2      | Reached skill level 5 in Axes
   880 | D:2      | Killed Sigmund
   881 | D:2      | Reached skill level 6 in Axes
   881 | D:2      | Reached XP level 4. HP: 41/41 MP: 4/4
   881 | D:2      | Reached XP level 5. HP: 47/47 MP: 5/5
   980 | D:2      | Found an opulent altar of Gozag.
  1287 | D:2      | Reached XP level 6. HP: 52/53 MP: 6/6
  1377 | D:2      | Noticed Natasha
  1386 | D:2      | Killed Natasha
  1386 | D:2      | Reached ** piety under Trog
  1627 | D:2      | Noticed Natasha
  1630 | D:2      | Killed Natasha
  1725 | D:3      | Reached skill level 5 in Fighting
  1871 | D:3      | Found a glowing drain.
  1884 | Sewer    | Entered a sewer
  2027 | Sewer    | Reached *** piety under Trog
  2115 | Sewer    | Reached skill level 7 in Axes
  2115 | Sewer    | Reached XP level 7. HP: 61/61 MP: 7/7
  2419 | D:3      | Reached **** piety under Trog
  3101 | D:4      | Found Paomoun's Armour Shop.
  3309 | D:5      | Entered Level 5 of the Dungeon
  3378 | D:5      | Reached skill level 8 in Axes
  3384 | D:5      | Reached skill level 5 in Armour
  3384 | D:5      | Reached XP level 8. HP: 38/70 MP: 8/8
  4069 | D:5      | Found a runed translucent door.
  4070 | D:5      | Noticed Crazy Yiuf
  4218 | D:5      | Killed Crazy Yiuf
  4792 | D:6      | Reached skill level 9 in Axes
  4816 | D:6      | Gained mutation: You have large cloven feet. [potion of
                  | mutation]
  4816 | D:6      | Gained mutation: You are weak. (Str -2) [potion of
                  | mutation]
  4816 | D:6      | Gained mutation: Your mind is acute. (Int +4, Str/Dex -1)
                  | [potion of mutation]
  4887 | D:6      | Found a staircase to the Ecumenical Temple.
  5050 | D:6      | Identified the +1 leather armour of Verepuib {*Slow Will+
                  | Dex+5 SInv}
  5430 | D:7      | Reached XP level 9. HP: 70/78 MP: 9/9
  5577 | D:6      | Lost mutation: You have large cloven feet. [potion of
                  | mutation]
  5577 | D:6      | Lost mutation: Your mind is acute. (Int +4, Str/Dex -1)
                  | [potion of mutation]
  5577 | D:6      | Gained mutation: Your spells are a little harder to cast,
                  | but a little more powerful. [potion of mutation]
  5577 | D:6      | Gained mutation: You have large cloven feet. [potion of
                  | mutation]
  5578 | D:6      | Lost mutation: You are weak. (Str -2) [potion of mutation]
  5578 | D:6      | Lost mutation: You have large cloven feet. [potion of
                  | mutation]
  5578 | D:6      | Gained mutation: You are strong-willed. (Will+) [potion of
                  | mutation]
  5681 | D:7      | Reached skill level 10 in Axes
  5976 | D:7      | Noticed Joseph
  5989 | D:7      | Killed Joseph
  6261 | D:7      | Reached skill level 11 in Axes
  7111 | D:8      | Found a staircase to the Lair.
  7127 | D:8      | Reached XP level 10. HP: 65/88 MP: 10/10
  7241 | D:8      | Found a shimmering blue altar of Sif Muna.
  7680 | D:9      | Reached ***** piety under Trog
  7682 | D:9      | Reached skill level 12 in Axes
  8940 | D:9      | Found a glowing silver altar of Zin.
  9394 | D:10     | Entered Level 10 of the Dungeon
  9417 | D:10     | Reached skill level 10 in Armour
  9424 | D:10     | Reached skill level 13 in Axes
  9436 | D:10     | Noticed a two-headed ogre
  9448 | D:10     | Killed a two-headed ogre
  9874 | D:10     | Reached XP level 11. HP: 86/97 MP: 11/11
  9958 | D:10     | Reached skill level 14 in Axes
  9994 | D:10     | Noticed a two-headed ogre
 10003 | D:10     | Killed a two-headed ogre
 10745 | D:10     | Found a glowing golden altar of the Shining One.
 10907 | D:10     | Received a gift from Trog
 10926 | D:10     | Identified 2 scrolls of acquirement
 10926 | D:10     | Acquired 505 gold pieces
 10927 | D:10     | Acquired the +4 pair of gloves of Eternity {rC+}
 11003 | D:10     | Found a sacrificial altar of Ru.
 11151 | D:11     | Found a frozen archway.
 11155 | D:11     | Noticed an ice dragon
 11169 | D:11     | Reached skill level 10 in Fighting
 11199 | D:11     | Killed an ice dragon
 11207 | D:11     | Reached skill level 15 in Axes
 11348 | IceCv    | Entered an ice cave
 11586 | IceCv    | Noticed a death yak
 11613 | IceCv    | Killed a death yak
 11813 | IceCv    | Reached XP level 12. HP: 101/108 MP: 12/12
 11927 | IceCv    | Reached skill level 16 in Axes
 12197 | IceCv    | Noticed a death yak
 12216 | IceCv    | Killed a death yak
 12222 | IceCv    | Received a gift from Trog
 12305 | IceCv    | Noticed a death yak
 12305 | IceCv    | Noticed a death yak
 12346 | IceCv    | Killed a death yak
 12352 | IceCv    | Killed a death yak
 12404 | IceCv    | Noticed an ironbound frostheart
 12404 | IceCv    | Noticed a death yak
 12404 | IceCv    | Noticed a death yak
 12404 | IceCv    | Noticed an ironbound frostheart
 12404 | IceCv    | Noticed a death yak
 12421 | IceCv    | Killed a death yak
 12431 | IceCv    | Killed an ironbound frostheart
 12437 | IceCv    | Killed a death yak
 12448 | IceCv    | Killed a death yak
 12449 | IceCv    | Reached skill level 17 in Axes
 12452 | IceCv    | Killed an ironbound frostheart
 13478 | D:11     | Reached XP level 13. HP: 117/117 MP: 13/13
 13483 | D:11     | Reached skill level 1 in Shields
 13575 | D:11     | Found a runed translucent gate.
 13575 | D:11     | Found a runed translucent gate.
 13575 | D:11     | Found a runed translucent gate.
 13578 | D:11     | Noticed arandomgamer's ghost (journeyman DsBe)
 13854 | D:11     | Found a roughly hewn altar of Beogh.
 13889 | D:11     | Killed arandomgamer's ghost
 13962 | D:11     | Identified the +1 helmet "Dopn" {rN++ Will+ Str-3 Dex+2}
 14289 | D:12     | Noticed Lodul
 14307 | D:12     | Killed Lodul
 15134 | D:12     | Found a staircase to the Orcish Mines.
 15234 | Lair:1   | Entered Level 1 of the Lair of Beasts
 15601 | Lair:1   | Identified the +9 flail of the Neverending Teeth
                  | {antimagic, rF++ Stlth+}
 16455 | Lair:2   | Found a snail-covered altar of Cheibriados.
 16593 | Lair:2   | Reached skill level 15 in Armour
 16685 | Lair:2   | Reached skill level 5 in Dodging
 16686 | Lair:2   | Reached skill level 18 in Axes
 16900 | Lair:2   | Found a hole to the Spider Nest.
 17625 | Lair:3   | Identified the +5 broad axe of Trog's Fury {flame, rF+}
                  | (Trog gifted it to you on level 3 of the Lair of Beasts)
 17625 | Lair:3   | Received a gift from Trog
 17673 | Lair:3   | Reached XP level 14. HP: 130/130 MP: 14/14
 17697 | Lair:3   | Found a staircase to the Swamp.
 17842 | Lair:3   | Reached skill level 5 in Shields
 18105 | Lair:3   | Noticed Gastronok
 18115 | Lair:3   | Killed Gastronok
 18505 | Swamp:1  | Entered Level 1 of the Swamp
 18505 | Swamp:1  | You fall into a shaft and drop 1 floor!
 18923 | Lair:4   | Received a gift from Trog
 19354 | Lair:4   | Reached skill level 15 in Fighting
 19944 | Lair:5   | Entered Level 5 of the Lair of Beasts
 20221 | Lair:5   | Found a staircase to the Slime Pits.
 20515 | Lair:5   | Reached ****** piety under Trog
 20516 | Lair:5   | Reached XP level 15. HP: 125/141 MP: 15/15
 20707 | Lair:5   | Received a gift from Trog
 21785 | Lair:5   | Received a gift from Trog
 22326 | Orc:1    | Entered Level 1 of the Orcish Mines
 22623 | Orc:1    | Found Eprosmik's Distillery.
 23016 | Orc:2    | Entered Level 2 of the Orcish Mines
 23016 | Orc:2    | Found a gate leading to a gauntlet.
 23020 | Gauntlet | Entered a Gauntlet
 23020 | Gauntlet | Found a transporter.
 23020 | Gauntlet | Found a transporter.
 23026 | Gauntlet | Found a transporter.
 23038 | Gauntlet | Found a transporter.
 23056 | Gauntlet | Found a transporter.
 23056 | Gauntlet | Found a transporter.
 23056 | Gauntlet | Found a transporter.
 23058 | Gauntlet | Found a transporter.
 23058 | Gauntlet | Found a transporter.
 23070 | Gauntlet | Found a transporter.
 23083 | Gauntlet | Found a runed translucent door.
 23087 | Gauntlet | Found a transporter.
 23096 | Gauntlet | Found a transporter.
 23111 | Gauntlet | Found a transporter.
 23130 | Gauntlet | Found a transporter.
 23505 | Gauntlet | Identified the +1 hat "Izesm" {Str+3}
 23647 | Orc:2    | Noticed Donald
 23672 | Orc:2    | HP: 7/145 [Donald/+0 eveningstar (13)]
 23672 | Orc:2    | Slain by Donald

Illustrated notes

Levels and vault maps discovered:
D:1:      heliophobic_arrival_battle_scene, layout_basic,
          minmay_misc_feat_ornament
D:2:      layout_basic, basic_altar, uniq_sigmund, uniq_natasha
D:3:      layout_rooms, gup_sewer_entry_pipe, kennysheep_cluttered_room,
          chequers_mini_garden
D:4:      layout_cave_pools, serial_shops, nicolae_square_shop
D:5:      layout_loops_ring, serial_glass, glass_columns_b, glass_columns_a,
          uniq_crazy_yiuf_cottage
D:6:      layout_basic, minmay_temple_entry_mini_moons
D:7:      layout_layer_cave, uniq_joseph
D:8:      layout_loops_ring, amcnicky_altar_gilded, lair_entry_dummy
D:9:      layout_basic, marbit_many_paths, serial_co_window_serial,
          co_window_of_opportunity_a, co_window_paths_a, co_window_corner_a,
          co_window_paths_a, co_window_paths_a, co_window_paths_b,
          co_window_corner_a, co_window_paths_a, co_window_paths_b,
          co_window_unsneaky_path_e, co_window_unsneaky_path_c,
          co_window_paths_c, co_window_cross_2, co_window_4corner_b,
          glass_columns_c, dk_vineyard_1
D:10:     kennysheep_six_static_rooms, layout_loops_corners,
          mainiacjoe_overflow_alcove_4, nicolae_ru_path_of_blood,
          kennysheep_decorative_pillar, minmay_fractal_squares_5
D:11:     layout_irregular_city, portal_ice_cave_entry_animals_and_master,
          biasface_ghost_orc_armoury
D:12:     layout_loops_ring, erik_orc_2, uniq_lodul
Lair:1:   layout_chaotic_city
Lair:2:   nzn_winding_woodlands_medium [nzn_winding_woodlands_5x5_closed_star,
          nzn_winding_woodlands_5x15_pathside_ponds,
          nzn_winding_woodlands_5x5_cross, nzn_winding_woodlands_5x5_open_star,
          nzn_winding_woodlands_center_garden,
          nzn_winding_woodlands_5x5_perimeter,
          nzn_winding_woodlands_5x5_default, nzn_winding_woodlands_5x15_default,
          nzn_winding_woodlands_5x5_checkerboard], layout_regular_city,
          spider_nest_entry_rubble, kennysheep_snail_temple
Lair:3:   dpeg_oklob_gauntlet, layout_chaotic_city, skrybe_swamp_entry_bodies,
          beast_lair_carwin_1, uniq_gastronok
Lair:4:   layout_small_grid, lookout_lair_type, grunt_megastairs_2
Lair:5:   guppyfry_lair_end_dragon, layout_loops_ring,
          hangedman_lair_caniforms_friends, minmay_slime_entry_pillars,
          st_stairs_7, serial_bayou_shore_a
Swamp:1:  layout_basic_swamp, wheals_swamp_sinkhole
Swamp:2:  cheibrodos_swamp_tower_of_moss, layout_falls_marsh,
          evilmike_swamp_ruin_house_4, swamp_pool5
Orc:1:    layout_caves, serial_shops, nicolae_shop_behind_doors
Orc:2:    st_orc_mages, layout_caves, gauntlet_entry_generic, mines_bat_river,
          uniq_erolcha, uniq_rupert, uniq_donald, uniq_josephine, uniq_maurice,
          uniq_nessos

Skill      XL: |  1  2  3  4  5  6  7  8  9 10 11 12 13 14 15 |
---------------+----------------------------------------------+-----
Fighting       | 4 5 6 8 9 10 11 13 15 16 | 16.4
Dodging        | 2 3 4 5 6 |  6.0
Axes           | 6 7 8 9 11 13 15 17 18 | 18.0
Armour         | 3 4 5 6 8 10 12 14 15 16 17 | 17.5
Shields        | 4 8 9 |  9.9

Action                     |  1- 3 |  4- 6 |  7- 9 | 10-12 | 13-15 || total
---------------------------+-------+-------+-------+-------+-------++-------
  Melee: Hand axe          |    66 |     4 |       |       |       ||    70
         Halberd           |       |   142 |   173 |       |       ||   315
         War axe           |       |       |   236 |   552 |   303 ||  1091
         Kick              |       |       |     7 |       |       ||     7
         Punch             |       |       |     2 |     2 |       ||     4
         Flail             |       |       |       |       |    55 ||    55
         Broad axe         |       |       |       |       |   678 ||   678
  Throw: Javelin           |       |       |       |       |     5 ||     5
 Invoke: Berserk           |     1 |       |     4 |     4 |    10 ||    19
         Trog's Hand       |       |     1 |     7 |    10 |    15 ||    33
    Use: Scroll            |       |       |     8 |    14 |     8 ||    30
         Potion            |       |       |     6 |       |       ||     6
 Armour: Animal skin       |     7 |       |       |       |       ||     7
         Ring mail         |    12 |    47 |    57 |   186 |       ||   302
         Plate armour      |       |       |   213 |   144 |   660 ||  1017
  Dodge: Dodged            |    34 |    79 |   155 |   318 |   291 ||   877
  Block: Kite shield       |       |       |       |     7 |   597 ||   604

Table legend: (Time is in decaauts)
 A = Elapsed time spent in this place.
 B = Non-inter-level travel time spent in this place.
 C = Inter-level travel time spent in this place.
 D = Time resting spent in this place.
 E = Time spent auto-exploring this place.
 F = Levels seen in this place.
 G = Mean time per level.
                   A        B        C        D        E       F      G
               +--------+--------+--------+--------+--------+-----+--------+
         Total |  23861 |  22641 |   1220 |   3682 |  14371 |  24 |  994.2 |
       Dungeon |  13259 |  12417 |    842 |   1780 |   8444 |  12 | 1104.9 |
          Lair |   6710 |   6348 |    362 |    957 |   4233 |   5 | 1342.0 |
         Swamp |    281 |    276 |      5 |    211 |      0 |   2 |  140.5 |
  Orcish Mines |    594 |    583 |     11 |     36 |    429 |   2 |  297.0 |
         Sewer |    579 |    579 |      0 |      0 |    303 |   1 |  579.0 |
      Ice Cave |   1826 |   1826 |      0 |    631 |    757 |   1 | 1826.0 |
      Gauntlet |    608 |    608 |      0 |     66 |    204 |   1 |  608.0 |
               +--------+--------+--------+--------+--------+-----+--------+

Top non-repeatable levels by time:
  Lair:5: 1963 daAuts
   IceCv: 1826 daAuts
    D:10: 1705 daAuts
     D:9: 1516 daAuts
  Lair:2: 1306 daAuts
    D:12: 1293 daAuts
  Lair:4: 1276 daAuts
     D:7: 1237 daAuts
     D:8: 1214 daAuts
  Lair:1: 1137 daAuts
    D:11: 1135 daAuts
     D:2: 1132 daAuts
     D:5: 1052 daAuts
  Lair:3: 1027 daAuts
     D:6: 986 daAuts
